 Dungeon Crawl Stone Soup version 0.30.1-10-g1249ef9ec4 (webtiles) character file.

Game seed: 16320894492243619389

6 paradise the Chiller (level 1, -1/7 HPs)
             Began as a Felid Ice Elementalist on Oct 26, 2023.
             Killed from afar by a dart slug (5 damage)
             ... with a slug dart
             ... on level 3 of the Dungeon.
             The game lasted 00:03:54 (178 turns).

paradise the Chiller (Felid Ice Elementalist)        Turns: 178, Time: 00:03:54

Health: -1/7       AC:  1    Str:  4    XL:     1   Next: 75%
Magic:  4/4        EV: 17    Int: 16    God:
Gold:   16         SH:  0    Dex: 16    Spells: 3/4 levels left
                                        Lives:  0   Deaths: 0

rFire   . . .        (weapon unavailable)
rCold   . . .        (shield unavailable)
rNeg    . . .        (body armour unavailable)
rPois   .            (helmet unavailable)
rElec   .            (cloak unavailable)
rCorr   .            (gloves unavailable)
SInv    +            (boots unavailable)
Will    .....        (no amulet)
Stlth   ++           (no ring)
HPRegen 0.21/turn    (no ring)
MPRegen 0.09/turn

%: no passive effects
@: quick
A: very small, claws 1, fangs 3, see invisible, speed 1, shaggy fur 1, stealthy
paws, no weapons or thrown items, no armour, multi-lived
a: no special abilities


You were on level 3 of the Dungeon.
You visited 1 branch of the dungeon, and saw 3 of its levels.

You collected 16 gold pieces.

Inventory:

Hand Weapons
 b - a +0 flail
Scrolls
 c - a scroll of identify {unknown}
Potions
 a - a potion of magic


   Skills:
 + Level 2.7 Dodging
 + Level 2.7 Stealth
 + Level 2.1 Spellcasting
 + Level 3.8 Ice Magic


You had 3 spell levels left.
You knew the following spells:

 Your Spells              Type           Power      Damage    Failure   Level
a - Freeze                Ice            56%        1d7       4%          1

Your spell library contained the following spells:

 Spells                   Type           Power      Damage    Failure   Level
 Frozen Ramparts          Ice            28%        1d5       13%         3
 Ozocubu's Armour         Ice            14%        N/A       13%         3
 Summon Small Mammal      Summ           4%         N/A       21%         1
 Call Canine Familiar     Summ           1%         N/A       52%         3
 Summon Guardian Golem    Hex/Summ       1%         N/A       52%         3
 Summon Ice Beast         Ice/Summ       7%         N/A       67%         4


Dungeon Overview and Level Annotations

Branches:
Dungeon (3/15)

Altars:

Annotations:
D:3 2 exclusions


Innate Abilities, Weirdness & Mutations

You have sharp claws.
You have razor-sharp teeth.
You have supernaturally acute eyesight. (SInv)
You cover ground quickly. (Speed+)
You are covered in fur. (AC +1)
Your paws help you pounce on unaware monsters.
You are incapable of wielding weapons or throwing items.
You cannot wear armour.
You gain extra lives every three experience levels.


Message History

You barely miss the rat.
The rat is severely wounded.
The rat barely misses you.
You scratch the rat.
You kill the rat!
An orc comes into view. It is wielding a +0 dagger.
A dart slug comes into view.
The orc misses you. The orc completely misses you.
You scratch the orc but do no damage. The orc closely misses you.
You scratch the orc.
The orc is moderately wounded.
The orc barely misses you.
You scratch the orc.
The orc is severely wounded.
The orc misses you. The dart slug launches a dart at you.
The slug dart hits you.
Ouch! That really hurt!
* * * LOW HITPOINT WARNING * * *
You scratch the orc but do no damage.
The orc is severely wounded.
The orc completely misses you.
You scratch the orc.
You kill the orc!
You see here a +0 dagger.
You scratch the dart slug.
The dart slug is moderately wounded.
The dart slug launches a dart at you. The slug dart misses you.
The dart slug completely misses you. The dart slug launches a dart at you.
The slug dart misses you. The dart slug closely misses you.
You scratch the dart slug. You bite the dart slug.
The dart slug is severely wounded.
The dart slug launches a dart at you. The slug dart hits you.
Ouch! That really hurt!
You die...

#...# ...... ...
#...##...... ..#
#.....?..... ...
#........... ..
#.......# #.
..####.......# #.##
....$....)...# #..#
....###..w#####
########.#
....#####@...#
#.........
.............#
#.........
.....####....#
#......... ...
#.....# ##.........
.
#.....###..........
#..................
+...#..##..........
#...#..##..........
#...#..##.#####+###


You could see a dart slug.

Vanquished Creatures
  An orc (D:3)
  An endoplasm (D:2)
  A quokka (D:3)
  2 rats (D:3)
5 creatures vanquished.

Notes
Turn   | Place    | Note
-------+----------+-------------------------------------------
     0 | D:1      | paradise the Felid Ice Elementalist began the quest for the
                  | Orb.
     0 | D:1      | Reached XP level 1. HP: 7/7 MP: 4/4
   178 | D:3      | Killed from afar by a dart slug

Illustrated notes

Levels and vault maps discovered:
D:1:      heliophobic_arrival_battle_scene, layout_basic,
          basic_ecumenical_altar, nrook_uturn
D:2:      layout_rooms, patterned_corridor
D:3:      layout_basic, nicolae_overflow_crystal_walls,
          nicolae_overflow_hallway_of_the_gods, mainiacjoe_overflow_swirl,
          uniq_sigmund, uniq_terence

Action                     || total
---------------------------++-------
  Melee: Unarmed           ||    16
         Bite              ||     1
  Dodge: Dodged            ||    12
